 Dungeon Crawl Stone Soup version 0.31-a0-1576-ga3383bade6 (webtiles) character file.

Game seed: 2180787614871913165

2711 Newt the Mimic (level 9, 0/72 HPs)
             Began as a Merfolk Gladiator on Jan 4, 2024.
             Was an Initiate of Hepliaklqana.
             Killed by divine providence
             ... invoked by an orc priest
              (8 damage)
             ... on level 7 of the Dungeon.
             The game lasted 00:09:07 (6595 turns).

Newt the Mimic (Merfolk Gladiator)                  Turns: 6595, Time: 00:09:09

Health: 0/72       AC:  5    Str: 18    XL:     9   Next: 66%
Magic:  0/18       EV: 14    Int:  8    God:    Hepliaklqana [......]
Gold:   493        SH:  7    Dex: 15    Spells: 8/8 levels left

rFire   . . .        a - +0 trident
rCold   . . .        u - +0 kite shield
rNeg    . . .        b - melded +0 leather armour
rPois   .            c - +0 helmet
rElec   .            (no cloak)
rCorr   .            x - +2 pair of gloves
SInv    .            j - +0 pair of boots
Will    .....        h - amulet of guardian spirit
Stlth   +            C - ring of magical power
HPRegen 0.32/turn    (no ring)
MPRegen 0.16/turn

%: guardian spirit
@: maw-form
A: devouring maw, (nimble swimmer 2), mertail
a: Begin Untransformation, Renounce Religion


You were on level 7 of the Dungeon.
You worshipped Hepliaklqana.
Hepliaklqana was noncommittal.
You were a creature with a mouth for a stomach.
You visited 1 branch of the dungeon, and saw 7 of its levels.
You also visited: Sewer.

You collected 493 gold pieces.

Inventory:

Hand Weapons
 a - a +0 trident (weapon)
Missiles
 d - a throwing net (quivered)
 e - a javelin
 B - 5 poisoned darts
Armour
 b - a +0 leather armour (melded)
 c - a +0 helmet (worn)
 i - a +0 buckler
 j - a +0 pair of boots (worn)
 r - a +0 pair of gloves
 u - a +0 kite shield (worn)
 x - a +2 pair of gloves (worn)
Jewellery
 h - an amulet of guardian spirit (around neck)
 C - a ring of magical power (left hand)
Talismans
 y - a maw talisman (active)
 D - a beast talisman
Wands
 F - a wand of flame (3)
 J - a wand of paralysis (9)
Scrolls
 f - a scroll of butterflies
 k - a scroll of immolation {unknown}
 n - a scroll of vulnerability {unknown}
 p - a scroll of revelation
 q - a scroll of enchant armour {unknown}
 s - 7 scrolls of teleportation
 E - a scroll of fear {unknown}
 G - a scroll of blinking
 K - a scroll of enchant weapon {unknown}
Potions
 g - a potion of curing
 l - a potion of might
 m - 2 potions of ambrosia {unknown}
 o - a potion of mutation {unknown}
 t - 2 potions of magic {unknown}
 v - a potion of berserk rage {unknown}
 w - 2 potions of lignification {unknown}
 z - a potion of attraction {unknown}
 A - a potion of invisibility {unknown}
 H - a potion of heal wounds {unknown}
 I - a potion of brilliance {unknown}


   Skills:
 - Level 7.0 Fighting
 - Level 8.0 Polearms
 - Level 2.0 Throwing
 - Level 8.3 Dodging
 + Level 0.2 Spellcasting
 + Level 0.2 Necromancy
 - Level 10.0 Shapeshifting


You had 8 spell levels left.
You didn't know any spells.
Your spell library contained the following spells:

 Spells                   Type           Power      Damage    Failure   Level
 Ensorcelled Hibernation  Hex/Ice        0%         N/A       89%         2
 Fugue of the Fallen      Necr           0%         N/A       98%         3
 Passwall                 Erth           0%         N/A       98%         3
 Swiftness                Air            0%         N/A       98%         3
 Anguish                  Hex/Necr       0%         N/A       100%        4


Dungeon Overview and Level Annotations

Branches:
Dungeon (7/15)             Temple (0/1) D:7           Sewer (visited)

Altars:
Ashenzari
Hepliaklqana
Vehumet

Shops:
D:6 =


Innate Abilities, Weirdness & Mutations

You are a creature with a mouth for a stomach.
Your midsection houses a second, enormous mouth.
((You are very nimble when in or above water. (Stealth+, EV+, Speed+++)))
Your lower body shifts to a powerful aquatic tail in water.


Message History

Throw: 5 throwing nets
Press: ? - help, Q - select action, (/) - cycle Shift-Dir - straight line, f/p - orc warrior
Aim: an orc warrior, wielding a +0 short sword and wearing a +0 chain mail (moderately wounded, 57% to hit)
You throw a throwing net.
The throwing net barely misses the orc warrior.
Something gets caught in the net!
Something wriggles in the net.
The orc warrior hits you with a +0 short sword.
* * * LOW HITPOINT WARNING * * *
Something wriggles in the net.
Throw: 4 throwing nets
Press: ? - help, Q - select action, (/) - cycle Shift-Dir - straight line, f/p - orc warrior
Aim: an orc warrior, wielding a +0 short sword and wearing a +0 chain mail (moderately wounded, 57% to hit)
You throw a throwing net.
The throwing net closely misses the orc warrior.
The orc warrior hits you with a +0 short sword.
* * * LOW HITPOINT WARNING * * *
Something wriggles in the net.
Throw: 3 throwing nets
Press: ? - help, Q - select action, (/) - cycle Shift-Dir - straight line, f/p - orc warrior
Aim: an orc warrior, wielding a +0 short sword and wearing a +0 chain mail (moderately wounded, 57% to hit)
You throw a throwing net.
The throwing net barely misses the orc warrior.
The orc warrior hits you with a +0 short sword.
* * * LOW HITPOINT WARNING * * *
Something wriggles in the net.
The orc priest looks encouraged for a moment.
You feel better. You block the orc warrior's attack.
Something wriggles in the net.
Throw: 2 throwing nets
Press: ? - help, Q - select action, (/) - cycle Shift-Dir - straight line, f/p - orc warrior
Aim: an orc warrior, wielding a +0 short sword and wearing a +0 chain mail (moderately wounded, 57% to hit)
You throw a throwing net. The throwing net hits the orc warrior.
The orc warrior is caught in the net!
The orc warrior is moderately wounded.
The orc warrior struggles against the net.
Something wriggles in the net.
The orc priest calls down the wrath of Beogh upon you.
Beogh smites you!
You die...

## .. #.# # #.# #. #.#
########.##.###########.#
................Wo.(o.o#
.#####.......##########.#
.# #.......# .#
#.#.##.######### )#
#.#.##.........##
.#####.#.###......... #
>........# #.##...... ...
#####.##.###.##.###.# #.#
# # #.##).........#.#
#.#.#


You could see an orc warrior (caught) and 2 orc priests.

Vanquished Creatures
  2 water moccasins
  2 ogres
  4 sky beasts
  A black bear (D:4)
  2 centaurs
  A phantom (D:5)
  A kobold brigand (D:7)
  4 bullfrogs
  A gnoll sergeant (D:5)
  5 scorpions
  A killer bee (D:7)
  2 jellies
  A bombardier beetle (D:5)
  5 orc priests
  5 hounds
  An iguana (D:6)
  4 orc wizards (D:7)
  10 gnolls
  7 adders
  3 river rats (D:6)
  2 shadow imps (D:6)
  A white imp (D:7)
  2 ufetubi (D:6)
  12 dart slugs
  2 ribbon worms
  22 orcs
  5 bats
  11 endoplasms
  13 giant cockroaches
  7 goblins
  9 hobgoblins
  10 kobolds
  4 quokkas
  20 ball pythons
  13 frilled lizards
  13 rats
208 creatures vanquished.

Notes
Turn   | Place    | Note
-------+----------+-------------------------------------------
     0 | D:1      | Newt the Merfolk Gladiator began the quest for the Orb.
     0 | D:1      | Reached XP level 1. HP: 16/16 MP: 1/1
    98 | D:1      | Reached XP level 2. HP: 23/23 MP: 2/2
   480 | D:1      | Reached XP level 3. HP: 30/30 MP: 1/3
  1457 | D:2      | Reached skill level 5 in Polearms
  1457 | D:2      | Reached XP level 4. HP: 33/37 MP: 4/4
  1652 | D:2      | Found a faded altar of an unknown god.
  2272 | D:3      | Reached XP level 5. HP: 39/42 MP: 3/5
  2716 | D:4      | Reached XP level 6. HP: 42/48 MP: 6/6
  2825 | D:5      | Entered Level 5 of the Dungeon
  3041 | D:4      | Noticed a sky beast
  3057 | D:4      | Killed a sky beast
  3058 | D:4      | Reached skill level 5 in Dodging
  3229 | D:4      | Noticed a black bear
  3236 | D:4      | Killed a black bear
  3237 | D:4      | Reached XP level 7. HP: 34/54 MP: 4/7
  3621 | D:5      | Reached skill level 2 in Shapeshifting
  3755 | D:5      | Reached skill level 3 in Shapeshifting
  3949 | D:5      | Reached skill level 4 in Shapeshifting
  3949 | D:5      | Reached XP level 8. HP: 38/60 MP: 5/8
  4223 | D:5      | Reached skill level 5 in Shapeshifting
  4361 | D:5      | Reached skill level 6 in Shapeshifting
  4461 | D:6      | Found Loites's Jewellery Boutique.
  4531 | D:6      | Reached skill level 7 in Shapeshifting
  4572 | D:6      | Found a broken altar of Ashenzari.
  4606 | D:6      | Reached skill level 8 in Shapeshifting
  4645 | D:6      | Found a glowing drain.
  4658 | Sewer    | Entered a sewer
  4925 | Sewer    | Reached skill level 9 in Shapeshifting
  4925 | Sewer    | Reached XP level 9. HP: 55/65 MP: 7/9
  5228 | D:6      | Reached skill level 10 in Shapeshifting
  5888 | D:7      | Reached skill level 5 in Fighting
  6081 | D:7      | Found a radiant altar of Vehumet.
  6140 | D:7      | Found a hazy altar of Hepliaklqana.
  6255 | D:7      | Became a worshipper of Hepliaklqana the Forgotten
  6327 | D:7      | Found a staircase to the Ecumenical Temple.
  6593 | D:7      | HP: 2/72 [orc warrior/+0 short sword (4)]
  6595 | D:7      | Killed from afar by an orc priest

Illustrated notes

Levels and vault maps discovered:
D:1:      dpeg_arrival_ratfight, layout_basic, minmay_box_of_dots
D:2:      layout_loops_ring, shapermc_ecumenical_altar_hornbeckon,
          kennysheep_generic_room_15
D:3:      layout_rooms
D:4:      layout_rooms
D:5:      kennysheep_spiral_hall, layout_cave_pools, serial_glass,
          glass_columns_a, glass_columns_a, hangedman_decor_opposing,
          minmay_misc_feat_diagonals
D:6:      layout_basic, mainiacjoe_overflow_catwalk, serial_shops,
          nicolae_shop_gaudy_bauble, portal_sewer_entry_e
D:7:      layout_loops_ring, mainiacjoe_overflow_concentric_impassable,
          temple_fountains, hangedman_feature_mirror

Skill      XL: |  1  2  3  4  5  6  7  8  9 |
---------------+----------------------------+-----
Fighting       | 3 4 7 |  7.0
Polearms       | 5 6 7 8 |  8.0
Dodging        | 6 8 |  8.3
Shapeshifting  | 4 9 10 | 10.0
Throwing       | |  2.0
Spellcasting   | |  0.2
Necromancy     | |  0.2

Action                     |  1- 3 |  4- 6 |  7- 9 || total
---------------------------+-------+-------+-------++-------
  Melee: Trident           |   162 |   203 |   403 ||   768
         Punch             |     1 |       |       ||     1
         Tailslap          |       |       |     8 ||     8
         Maw               |       |       |    30 ||    30
  Throw: Throwing net      |       |       |     5 ||     5
    Use: Scroll            |       |     1 |     4 ||     5
         Potion            |       |       |     3 ||     3
   Stab: Sleeping          |     3 |     1 |     3 ||     7
 Armour: Leather armour    |    64 |    86 |   155 ||   305
         Skin              |       |       |    51 ||    51
  Dodge: Dodged            |    96 |    80 |   237 ||   413
  Block: Kite shield       |       |    51 |   143 ||   194
   Form: Beast             |       |       |     1 ||     1
                           |       |       |     1 ||     1
         Maw               |       |       |     1 ||     1

Table legend: (Time is in decaauts)
 A = Elapsed time spent in this place.
 B = Non-inter-level travel time spent in this place.
 C = Inter-level travel time spent in this place.
 D = Time resting spent in this place.
 E = Time spent auto-exploring this place.
 F = Levels seen in this place.
 G = Mean time per level.
                   A        B        C        D        E       F      G
               +--------+--------+--------+--------+--------+-----+--------+
         Total |   6609 |   6405 |    204 |    604 |   4229 |   8 |  826.1 |
       Dungeon |   6305 |   6101 |    204 |    604 |   4082 |   7 |  900.7 |
         Sewer |    303 |    303 |      0 |      0 |    146 |   1 |  303.0 |
               +--------+--------+--------+--------+--------+-----+--------+

Top non-repeatable levels by time:
     D:1: 1256 daAuts
     D:5: 1157 daAuts
     D:7: 1020 daAuts
     D:6: 807 daAuts
     D:2: 777 daAuts
     D:3: 653 daAuts
     D:4: 632 daAuts
   Sewer: 303 daAuts
